 Dungeon Crawl Stone Soup version 0.27.1 (webtiles) character file.

Game seed: 10546087278128023027

3683 Luthien the Destroyer (level 9, -15/52 HPs)
             Began as a Deep Elf Conjurer on Sept 4, 2021.
             Was an Initiate of Vehumet.
             Demolished by a boulder beetle (44 damage)
             ... on level 7 of the Dungeon.
             The game lasted 00:30:08 (7892 turns).

Luthien the Destroyer (Deep Elf Conjurer)           Turns: 7892, Time: 00:30:12

Health: -15/52     AC:  8    Str:  4    XL:     9   Next: 90%
Magic:  3/23       EV: 12    Int: 27    God:    Vehumet [......]
Gold:   217        SH:  0    Dex: 13    Spells: 17/24 levels left

rFire    . . .     SeeInvis +   x - +2 short sword (speed)
rCold    . . .     Faith    .   (no shield)
rNeg     . . .     Spirit   .   u - +2 robe {Will+}
rPois    +         Reflect  .   o - +1 hat
rElec    .         Harm     .   y - +0 cloak
rCorr    .         Rampage  .   A - +0 pair of gloves
Will     +....                  t - +0 pair of boots
Stlth    ++........             b - amulet of regeneration
HPRegen  1.17/turn              q - ring of poison resistance
MPRegen  0.18/turn              R - ring of see invisible

@: no status effects
A: no striking features
a: Renounce Religion


You were on level 7 of the Dungeon.
You worshipped Vehumet.
Vehumet was noncommittal.
You visited 2 branches of the dungeon, and saw 8 of its levels.
You also visited: Ossuary.

You collected 217 gold pieces.

Inventory:

Hand Weapons
 d - a +0 short sword
 f - a +0 mace
 i - a +0 club
 j - a +1 whip of electrocution
 x - a +2 short sword of speed (weapon)
Missiles
 c - 225 stones (quivered)
 h - 59 bolts
 r - 81 arrows
 C - 3 throwing nets
 S - 10 poisoned darts
Armour
 a - a +0 robe
 o - a +1 hat (worn)
 t - a +0 pair of boots (worn)
 u - a +2 robe of willpower (worn)
 y - a +0 cloak (worn)
 A - a +0 pair of gloves (worn)
Magical Staves
 Q - a staff of cold
Jewellery
 b - an amulet of regeneration (around neck)
 q - a ring of poison resistance (left hand)
 R - a ring of see invisible (right hand)
Wands
 v - a wand of charming (9)
 B - a wand of digging (8)
 N - a wand of iceblast (7)
Scrolls
 m - 7 scrolls of magic mapping
 p - 3 scrolls of immolation
 w - 2 scrolls of enchant armour {unknown}
 D - a scroll of torment {unknown}
 F - 2 scrolls of fear {unknown}
 G - a scroll of vulnerability {unknown}
 H - a scroll of noise {unknown}
 I - a scroll of fog
 L - a scroll of enchant weapon {unknown}
 P - a scroll of amnesia {unknown}
 V - a scroll of holy word {unknown}
Potions
 e - a potion of attraction {unknown}
 g - a potion of ambrosia {unknown}
 k - 3 potions of heal wounds
 l - 2 potions of curing
 n - a potion of degeneration {unknown}
 s - 2 potions of haste
 z - 2 potions of invisibility {unknown}
 J - 2 potions of resistance {unknown}
 K - a potion of mutation
 M - a potion of lignification
 O - a potion of magic
 T - a potion of flight {unknown}
 U - 2 potions of might {unknown}


   Skills:
 - Level 4.0 Fighting
 - Level 3.0 Dodging
 - Level 3.0 Stealth
 - Level 8.0 Spellcasting
 + Level 11.7 Conjurations
 - Level 8.0 Hexes


You had 17 spell levels left.
You knew the following spells:

 Your Spells              Type           Power      Damage    Failure   Level
a - Magic Dart            Conj           100%       1d8       1%          1
b - Searing Ray           Conj           100%       3d7       1%          2
p - Fulminant Prism       Conj/Hex       29%        3d14      1%          4

Your spell library contained the following spells:

 Spells                   Type           Power      Damage    Failure   Level
 Dazzling Flash           Conj/Hex       100%       N/A       1%          3
 Iskenderun's Mystic Bla  Conj/Tloc      42%        2d10      4%          4
 Pain                     Necr           40%        1d6       5%          1
 Sublimation of Blood     Necr           5%         N/A       8%          2
 Wereblood                Tmut           10%        N/A       8%          2
 Agony                    Necr           10%        N/A       82%         5
 Excruciating Wounds      Necr           5%         N/A       82%         5
 Summon Hydra             Summ           5%         N/A       100%        7


Dungeon Overview and Level Annotations

Branches:
Dungeon (7/15)             Temple (1/1) D:6         Ossuary (visited)

Altars:
Cheibriados
Elyvilon
Gozag
Hepliaklqana
Kikubaaqudgha
Qazlal
Sif Muna
Trog
Vehumet
Wu Jian
Xom
The Shining One

Annotations:
D:4 1 runed translucent door, Hydra2011's ghost, amateur PaFi


Message History

The blast of energy engulfs the boulder beetle!
The boulder beetle is lightly wounded.
Casting: Fulminant Prism (dangerous; 1% risk of failure)
Confirm with . or Enter, or press ? or * to list all spells.
Aiming: Fulminant Prism (dangerous; 1% risk of failure)
Press: ? - help, Dir - move target You conjure a prism of explosive energy!
A fulminant prism comes into view.
Your fulminant prism crackles loudly.
The boulder beetle barely misses you.
The boulder beetle stops rolling and uncurls.
Your fulminant prism explodes!
The blast of energy engulfs the boulder beetle!!
The boulder beetle is heavily wounded.
Casting: Fulminant Prism (dangerous; 1% risk of failure)
Confirm with . or Enter, or press ? or * to list all spells.
Aiming: Fulminant Prism (dangerous; 1% risk of failure)
Press: ? - help, Dir - move target You conjure a prism of explosive energy!
A fulminant prism comes into view.
The boulder beetle barely misses you.
Your fulminant prism crackles loudly.
Your fulminant prism explodes!
The blast of energy engulfs the boulder beetle!
The boulder beetle is severely wounded.
The blast of energy engulfs you!!
Ouch! That really hurt!
Unknown command.
The boulder beetle curls into a ball and begins rolling!
Things that are here:
a +0 falchion; 3 boomerangs
Casting: Fulminant Prism (dangerous; 1% risk of failure)
Confirm with . or Enter, or press ? or * to list all spells.
Aiming: Fulminant Prism (dangerous; 1% risk of failure)
Press: ? - help, Dir - move target You conjure a prism of explosive energy!
A fulminant prism comes into view.
The boulder beetle hits you!!!
Ouch! That really hurt!
You die...

#.# *,* #############..#
#B# *,* ##.## #.# *,*
#..# #.# *** ### ###
###.# ..#
#######.###.#####.#.# #$#
#.#....###....#.#.#.#
#.###.......#.)......##.#
.○.#.........##*.)....#.#
..°..........°○B@)......#
#########################


You could see a boulder beetle (rolling, ally target) and a friendly fulminant
prism.

Vanquished Creatures
  An ugly thing (D:6)
  Sigmund (D:3)
  4 yaks (D:7)
  Edmund (D:5)
  Duvessa (D:4)
  A water moccasin (D:5)
  An ice beast (D:6)
  A sky beast (D:6)
  A black bear (D:6)
  2 ogres
  2 centaurs
  A kobold brigand (D:6)
  4 scorpions
  2 water moccasin zombies
  A wyvern skeleton (D:7)
  Dowan (D:4)
  2 water moccasin skeletons (D:6)
  3 killer bees (D:7)
  2 howler monkeys (D:5)
  4 centaur zombies (Ossuary)
  2 hounds
  2 orc priests (D:7)
  2 jellies
  2 bullfrog skeletons
  A centaur skeleton (D:5)
  Ijyb (D:3)
  3 iguanas
  A scorpion zombie (D:5)
  A hound skeleton (D:5)
  5 mummies (Ossuary)
  3 gnolls (D:4)
  10 adders
  A shadow imp (D:6)
  An ufetubus (D:6)
  An adder zombie (D:5)
  3 worms
  3 dart slugs
  5 orcs
  8 ball pythons
  5 bats
  4 endoplasms
  6 giant cockroaches
  7 hobgoblins
  5 quokkas
  6 frilled lizards
  5 goblins
  3 hobgoblin zombies (Ossuary)
  15 kobolds
  9 rats
156 creatures vanquished.

Vanquished Creatures (others)
  57 fulminant prisms
57 creatures vanquished.

Grand Total: 213 creatures vanquished

Notes
Turn   | Place    | Note
-------+----------+-------------------------------------------
     0 | D:1      | Luthien the Deep Elf Conjurer began the quest for the Orb.
     0 | D:1      | Reached XP level 1. HP: 10/10 MP: 6/6
   269 | D:1      | Found a faded altar of an unknown god.
   311 | D:1      | Reached XP level 2. HP: 15/15 MP: 4/8
   314 | D:1      | Learned a level 2 spell: Searing Ray
   879 | D:2      | Reached XP level 3. HP: 16/19 MP: 5/10
  1257 | D:2      | Reached skill level 5 in Conjurations
  1336 | D:2      | Reached XP level 4. HP: 24/24 MP: 7/12
  2297 | D:3      | Noticed Sigmund
  2306 | D:3      | Killed Sigmund
  2307 | D:3      | Reached skill level 6 in Conjurations
  2307 | D:3      | Reached XP level 5. HP: 28/28 MP: 2/15
  2433 | D:3      | Reached XP level 6. HP: 32/32 MP: 14/17
  2453 | D:3      | Noticed a torpor snail
  2461 | D:3      | Noticed a torpor snail
  2463 | D:3      | Found a snail-covered altar of Cheibriados.
  2463 | D:3      | Noticed a torpor snail
  2493 | D:3      | Noticed Ijyb
  2499 | D:3      | Killed Ijyb
  2678 | D:3      | Learned a level 4 spell: Fulminant Prism
  2786 | D:3      | Reached skill level 1 in Hexes
  2865 | D:3      | Found a shimmering altar of Xom.
  3401 | D:4      | Found a shimmering blue altar of Sif Muna.
  3472 | D:4      | Found an ancient bone altar of Kikubaaqudgha.
  3638 | D:4      | Noticed Dowan
  3638 | D:4      | Noticed Duvessa
  3641 | D:4      | Killed Dowan
  3642 | D:4      | Reached skill level 5 in Hexes
  3642 | D:4      | Reached XP level 7. HP: 36/36 MP: 13/18
  3688 | D:4      | Killed Duvessa
  3854 | D:4      | Found a runed translucent door.
  3951 | D:4      | Noticed Hydra2011's ghost (amateur PaFi)
  4131 | D:5      | Entered Level 5 of the Dungeon
  4362 | D:5      | Reached skill level 7 in Conjurations
  4687 | D:5      | Noticed Edmund
  4697 | D:5      | Killed Edmund
  4698 | D:5      | Reached skill level 8 in Conjurations
  4698 | D:5      | Reached XP level 8. HP: 41/41 MP: 11/19
  4909 | D:5      | Reached skill level 1 in Fighting
  5766 | D:6      | Reached skill level 9 in Conjurations
  5857 | D:6      | Noticed a brown ugly thing
  5921 | D:6      | Killed a brown ugly thing
  5922 | D:6      | Reached XP level 9. HP: 52/52 MP: 4/21
  6253 | D:6      | Found a staircase to the Ecumenical Temple.
  6259 | Temple   | Entered the Ecumenical Temple
  6312 | Temple   | Became a worshipper of Vehumet
  6567 | D:6      | Found a white marble altar of Elyvilon.
  7015 | D:7      | Found a sand-covered staircase.
  7020 | Ossuary  | Entered an ossuary
  7026 | Ossuary  | Reached skill level 10 in Conjurations
  7784 | D:7      | Reached skill level 11 in Conjurations
  7868 | D:7      | Noticed a boulder beetle
  7892 | D:7      | Demolished by a boulder beetle

Illustrated notes

Levels and vault maps discovered:
D:1:      scummos_arrival_simple_crosswalls, layout_rooms,
          dreamdust_ecumenical_altar_grove, st_stairs_3
D:2:      minmay_alternating_diamond, layout_rooms
D:3:      layout_basic, cheibriados_altar_2, mainiacjoe_overflow_alcove_4,
          uniq_sigmund, uniq_ijyb
D:4:      layout_basic, nicolae_sif_muna_condensation,
          mainiacjoe_overflow_paths, ebering_ghost_sewer_d, uniq_duvessa
D:5:      layout_basic, minmay_starry_boxes, uniq_edmund
D:6:      layout_basic, lemuel_coloured_pillars_altar, minmay_temple_entry_hall,
          kennysheep_small_circle
D:7:      minmay_the_grid_octo_tiled_squarecenter
          [minmay_the_grid_octo_fat_diamond, minmay_the_grid_octo_shrine,
          minmay_the_grid_octo_concentric, minmay_the_grid_octo_77,
          minmay_the_grid_square_5x5_megaprize_open,
          minmay_the_grid_square_5x5_inner_i,
          minmay_the_grid_square_5x5_hourglass,
          minmay_the_grid_square_5x5_lines,
          minmay_the_grid_square_5x5_doubleslash], layout_loops_ring,
          enter_ossuary_2, minmay_misc_feat_rugged, skrybe_limestone_x,
          uniq_pikel
Temple:   jpeg_temple_island

Skill      XL: |  1  2  3  4  5  6  7  8  9 |
---------------+----------------------------+-----
Dodging        | 3 |  3.0
Stealth        | 3 |  3.0
Spellcasting   | 4 6 8 |  8.0
Conjurations   | 5 6 8 9 11 | 11.7
Hexes          | 5 7 8 |  8.0
Fighting       | 4 |  4.0

Action                   |  1- 3 |  4- 6 |  7- 9 || total
-------------------------+-------+-------+-------++-------
Melee: Short sword       |       |     3 |     3 ||     6
Throw: Stone             |    15 |    23 |     4 ||    42
 Cast: Magic Dart        |    41 |    19 |    34 ||    94
       Searing Ray       |    13 |    31 |    22 ||    66
       Fulminant Prism   |       |     4 |    54 ||    58
Evoke: Wand              |       |       |     4 ||     4
  Use: Scroll            |       |     1 |     5 ||     6
       Potion            |       |       |     4 ||     4
Armor: Robe              |     2 |     2 |     5 ||     9
Dodge: Dodged            |     4 |     4 |    14 ||    22
